 Dungeon Crawl Stone Soup version 0.30-a0-830-gfe289a77b0 (webtiles) character file.

Game seed: 7548591751006618119

29 sircluck the Chopper (level 3, 0/31 HPs)
             Began as a Gnoll Reaver on Feb 28, 2023.
             Slain by Terence
             ... wielding a +4 antimagic hand axe
              (6 damage)
             ... on level 2 of the Dungeon.
             The game lasted 00:01:57 (909 turns).

sircluck the Chopper (Gnoll Reaver)                  Turns: 909, Time: 00:01:57

Health: 0/31       AC:  3    Str: 13    XL:     3   Next: 16%
Magic:  2/9        EV: 12    Int: 12    God:
Gold:   34         SH:  0    Dex: 10    Spells: 11/12 levels left

rFire   . . .      SeeInvis .    d - +1 short sword (venom)
rCold   . . .      Faith    .    (no shield)
rNeg    . . .      Spirit   .    b - +0 leather armour
rPois   .          Reflect  .    (no helmet)
rElec   .          Harm     .    (no cloak)
rCorr   .          Rampage  .    (no gloves)
Will    .....                    (no boots)
Stlth   +                        (no amulet)
HPRegen 0.25/turn                (no ring)
MPRegen 0.11/turn                (no ring)

@: no status effects
A: fangs 1, strong nose, distributed training
a: no special abilities


You were on level 2 of the Dungeon.
You visited 1 branch of the dungeon, and saw 2 of its levels.

You collected 34 gold pieces.

Inventory:

Hand Weapons
 a - a +0 hand axe
 d - a +1 short sword of venom (weapon)
Missiles
 f - 7 poisoned darts (quivered)
 j - 4 silver javelins
Armour
 b - a +0 leather armour (worn)
Scrolls
 c - a scroll of teleportation {unknown}
 e - a scroll of acquirement {unknown}
 g - 2 scrolls of identify {unknown}
 h - a scroll of amnesia {unknown}
 i - a scroll of magic mapping {unknown}


   Skills:
 + Level 4.5 Fighting
 + Level 0.7 Short Blades
 + Level 0.7 Long Blades
 + Level 6.5 Axes
 + Level 0.7 Maces & Flails
 + Level 0.7 Polearms
 + Level 0.7 Staves
 + Level 0.7 Ranged Weapons
 + Level 0.7 Throwing
 + Level 0.7 Armour
 + Level 4.5 Dodging
 + Level 0.7 Stealth
 + Level 0.7 Shields
 + Level 0.7 Unarmed Combat
 + Level 5.0 Spellcasting
 + Level 5.4 Conjurations
 + Level 0.5 Hexes
 + Level 0.5 Summonings
 + Level 0.5 Necromancy
 + Level 0.5 Translocations
 + Level 0.5 Transmutations
 + Level 0.5 Fire Magic
 + Level 0.5 Ice Magic
 + Level 0.5 Air Magic
 + Level 0.5 Earth Magic
 + Level 0.5 Poison Magic
 + Level 0.9 Invocations
 + Level 0.7 Evocations


You had 11 spell levels left.
You knew the following spells:

 Your Spells              Type           Power      Damage    Failure   Level
a - Kiss of Death         Conj/Necr      40%        2d8       8%          1

Your spell library contained the following spells:

 Spells                   Type           Power      Damage    Failure   Level
 Momentum Strike          Conj/Tloc      20%        3d8       12%         2
 Hailstorm                Conj/Ice       10%        3d5       22%         3


Dungeon Overview and Level Annotations

Branches:
Dungeon (2/15)

Altars:

Annotations:
D:2 Terence


Innate Abilities, Weirdness & Mutations

You have very sharp teeth.
Your uncanny sense of smell can sniff out nearby items.
Your experience applies equally to all skills.


Message History

You throw a poisoned dart.
The poisoned dart barely misses Terence.
You throw a poisoned dart.
The poisoned dart barely misses Terence.
You throw a poisoned dart. The poisoned dart hits Terence.
Terence is poisoned.
There is a stone staircase leading down here.
Terence looks more healthy.
Terence asks, "Do you want it fast or slow?"
Terence attacks as you move away!
Terence hits you with a +4 antimagic hand axe.
You feel your power leaking away. Terence attacks as you move away!
Terence hits you with a +4 antimagic hand axe!
You feel your power leaking away.
You hit Terence but do no damage.
Terence is poisoned.
Terence is lightly wounded.
Terence says, "How do you enjoy it?" Terence misses you.
You barely miss Terence. You bite Terence, but do no damage.
Terence is lightly wounded.
Terence hits you with a +4 antimagic hand axe.
You feel your power leaking away.
You hit Terence but do no damage.
Terence looks as sick as possible!
Terence is moderately wounded.
Terence says, "Time to say good-bye..."
Terence hits you with a +4 antimagic hand axe.
You feel your power leaking away.
You are too injured to fight recklessly!
You are too injured to fight recklessly!
You hit Terence but do no damage.
Terence is moderately wounded.
Terence hits you with a +4 antimagic hand axe.
* * * LOW HITPOINT WARNING * * *
You feel your power leaking away. Terence attacks as you move away!
Terence completely misses you.
You hit Terence but do no damage.
Terence looks as sick as possible!
Your punch misses Terence.
Terence is heavily wounded.
Terence hits you with a +4 antimagic hand axe.
You die...

#....###...........
#........>.........
....##...####.##.##
###.#..### #.....
#...## ##..##.#
#....###........
##.##...........
#@......#...... . ∆
#@#.###..........
#...# #...####..##
#..#####..#.......
...........#.......
.....#..###.........
∆
..>.................
.###.##..###.......
.. ...###..##.......
# ##.....#...#


You could see Terence (extremely poisoned).

Vanquished Creatures
  A dart slug (D:1)
  A ball python (D:1)
  4 endoplasms (D:1)
  A giant cockroach (D:1)
  4 goblins (D:1)
  3 hobgoblins
  A quokka (D:1)
  A bat (D:1)
  A frilled lizard (D:1)
  4 kobolds (D:1)
  3 rats (D:1)
24 creatures vanquished.

Notes
Turn   | Place    | Note
-------+----------+-------------------------------------------
     0 | D:1      | sircluck the Gnoll Reaver began the quest for the Orb.
     0 | D:1      | Reached XP level 1. HP: 20/20 MP: 6/6
    78 | D:1      | Reached XP level 2. HP: 20/26 MP: 7/7
   507 | D:1      | Reached skill level 5 in Spellcasting
   507 | D:1      | Reached XP level 3. HP: 30/31 MP: 7/9
   886 | D:2      | Noticed Terence
   909 | D:2      | Slain by Terence

Illustrated notes

Levels and vault maps discovered:
D:1:      ebering_trefoil_3fold, layout_loops_cross
D:2:      layout_rooms, minmay_split_cup_large, uniq_sigmund, uniq_terence

Skill      XL: |  1  2 |
---------------+-------+-----
Spellcasting   | 5 |  5.0
Fighting       | |  4.5
Short Blades   | |  0.7
Long Blades    | |  0.7
Axes           | |  6.5
Maces & Flails | |  0.7
Polearms       | |  0.7
Staves         | |  0.7
Ranged Weapons | |  0.7
Throwing       | |  0.7
Armour         | |  0.7
Dodging        | |  4.5
Stealth        | |  0.7
Shields        | |  0.7
Unarmed Combat | |  0.7
Conjurations   | |  5.4
Hexes          | |  0.5
Summonings     | |  0.5
Necromancy     | |  0.5
Translocations | |  0.5
Transmutations | |  0.5
Fire Magic     | |  0.5
Ice Magic      | |  0.5
Air Magic      | |  0.5
Earth Magic    | |  0.5
Poison Magic   | |  0.5
Invocations    | |  0.9
Evocations     | |  0.7

Action                     || total
---------------------------++-------
  Melee: Short sword       ||    53
         Bite              ||     6
         Hand axe          ||     2
         Punch             ||     2
  Throw: Stone             ||    13
         Dart              ||    20
 Armour: Leather armour    ||    10
  Dodge: Dodged            ||    25

Table legend: (Time is in decaauts)
 A = Elapsed time spent in this place.
 B = Non-inter-level travel time spent in this place.
 C = Inter-level travel time spent in this place.
 D = Time resting spent in this place.
 E = Time spent auto-exploring this place.
 F = Levels seen in this place.
 G = Mean time per level.
                   A        B        C        D        E       F      G
               +--------+--------+--------+--------+--------+-----+--------+
         Total |    907 |    899 |      8 |      0 |    657 |   2 |  453.5 |
       Dungeon |    907 |    899 |      8 |      0 |    657 |   2 |  453.5 |
               +--------+--------+--------+--------+--------+-----+--------+

Top non-repeatable levels by time:
     D:1: 814 daAuts
     D:2: 93 daAuts
